 Dungeon Crawl Stone Soup version 0.25-a0-719-gde951dce62 (webtiles) character file.

Game seed: 6923951641001940320, levelgen mode: deterministic

132625 Conn the Eclecticist (level 17, -13/111 HPs)
             Began as an Octopode Wizard on Apr 6, 2020.
             Was a High Priest of Vehumet.
             Mangled by a spriggan rider
             ... wielding a +0 spear
              (25 damage)
             ... on level 1 of the Swamp on Apr 7, 2020.
             The game lasted 04:05:11 (36704 turns).

Conn the Eclecticist (Octopode Wizard)             Turns: 36704, Time: 04:05:12

Health: -13/111    AC:  6    Str: 15    XL:     17   Next: 13%
Magic:  13/36      EV: 17    Int: 23    God:    Vehumet [*****.]
Gold:   2245       SH:  8    Dex: 17    Spells: 8/47 levels left

rFire    . . .     SeeInvis +   a - +5 dagger (freeze)
rCold    + . .     Gourm    .   d - +2 buckler of Optimism {MR+ rCorr Str+4}
rNeg     . . .     Faith    .   j - +2 hat {MR+}
rPois    .         Spirit   .   I - amulet of harm
rElec    .         Reflect  .   p - +3 ring of dexterity
rCorr    +         Harm     +   D - ring of see invisible
MR       ++++.                  J - ring of protection from magic
Stlth    +++.......             Y - +2 ring of slaying
HPRegen  0.28/turn              f - +3 ring of protection
MPRegen  0.25/turn              e - +4 ring of dexterity
                                m - ring of wizardry
                                v - ring of protection from cold

@: mighty, very slightly contaminated, studying Fire Magic, invisible
A: almost no armour, stealthy swim, amphibious, 8 rings, constrict 8, camouflage
1, gelatinous body 1
a: Renounce Religion


You were on level 1 of the Swamp.
You worshipped Vehumet.
Vehumet was extremely pleased with you.
You were near starving.

You visited 4 branches of the dungeon, and saw 24 of its levels.
You also visited: Ossuary.

You collected 2635 gold pieces.
You spent 390 gold pieces at shops.

Inventory:

Hand Weapons
 a - a +5 dagger of freezing (weapon)
 R - a +4 hunting sling of flaming
Missiles
 O - 9 curare-tipped darts (quivered)
 P - 135 sling bullets
Armour
 d - the +2 buckler of Optimism (worn) {MR+ rCorr Str+4}
   (You acquired it on level 12 of the Dungeon)

   It affects your strength (+4).
   It affects your resistance to hostile enchantments.
   It provides partial protection from all sources of acid and corrosion.
 j - a +2 hat of magic resistance (worn)
Magical Staves
 b - an uncursed staff of wizardry
Jewellery
 e - a +4 ring of dexterity (on tentacle)
 f - a +3 ring of protection (on tentacle)
 i - an uncursed ring of ice
 m - a ring of wizardry (on tentacle)
 o - an uncursed amulet of the acrobat
 p - a +3 ring of dexterity (left tentacle)
 v - a ring of protection from cold (on tentacle)
 w - an uncursed amulet of guardian spirit
 D - a ring of see invisible (right tentacle)
 I - an amulet of harm (around mantle)
 J - a ring of protection from magic (on tentacle)
 Y - a +2 ring of slaying (on tentacle)
Wands
 k - a wand of clouds (6)
 q - a wand of iceblast (24)
 u - a wand of acid (5)
 B - a wand of digging (7)
 K - a wand of paralysis (1)
Scrolls
 g - 6 scrolls of identify
 h - 11 scrolls of teleportation
 l - 10 scrolls of remove curse
 n - 4 scrolls of amnesia
 r - 6 scrolls of enchant armour
 t - 5 scrolls of magic mapping
 y - 5 scrolls of fog
 E - 3 scrolls of immolation
 Q - 3 scrolls of fear
Potions
 s - 3 potions of flight
 x - 10 potions of heal wounds
 z - 2 potions of haste
 A - 3 potions of lignification
 F - 2 potions of berserk rage
 G - a potion of magic
 H - 9 potions of curing
 L - 2 potions of brilliance
 N - 2 potions of might
 S - a potion of resistance
Books
 T - a manual of Fire Magic
Comestibles
 c - 17 rations


   Skills:
 + Level 8.7 Fighting
 + Level 6.8 Short Blades
 + Level 0.7 Staves
 + Level 0.6(1.2) Slings
 + Level 1.5(1.6) Throwing
 + Level 6.2 Dodging
 - Level 2.6 Stealth
 + Level 6.1 Shields
 * Level 15.7 Spellcasting
 * Level 14.2 Conjurations
 - Level 3.0 Charms
 - Level 6.4 Summonings
 - Level 6.2 Translocations
 + Level 4.6 Fire Magic
   Level 3.1 Ice Magic
 - Level 4.0 Air Magic
 + Level 2.2 Earth Magic
 - Level 4.3 Poison Magic
 + Level 1.3 Evocations


You had 8 spell levels left.
You knew the following spells:

 Your Spells              Type           Power        Failure   Level  Hunger
a - Magic Dart            Conj           ####         0%          1    None
b - Blink                 Tloc           N/A          1%          2    None
c - Orb of Destruction    Conj           ######....   1%          7    ######.
d - Conjure Flame         Conj/Fire      ######..     1%          3    None
e - Mephitic Cloud        Conj/Pois/Air  ######..     1%          3    None
f - Iskenderun's Battles  Conj/Chrm      ######..     1%          5    ##.....
g - Searing Ray           Conj           ######       0%          2    None
h - Bolt of Magma         Conj/Fire/Erth ######....   1%          5    ##.....
i - Airstrike             Air            #####.....   1%          4    None
j - Spellforged Servitor  Conj/Summ      ######....   4%          7    ######.

Your spell library contained the following spells:

 Spells                   Type           Power        Failure   Level  Hunger
 Ozocubu's Refrigeration  Ice            ####......   14%         6    ####...
 Animate Skeleton         Necr           N/A          1%          1    None
 Apportation              Tloc           #####.       1%          1    None
 Beastly Appendage        Tmut           ###...       1%          1    None
 Corona                   Hex            ###....      1%          1    None
 Sting                    Tmut/Pois      ####         1%          1    None
 Summon Small Mammal      Summ           ####         1%          1    None
 Call Imp                 Summ           #####...     1%          2    None
 Poisonous Vapours        Pois/Air       #####.       1%          2    None
 Slow                     Hex            ###.....     1%          2    None
 Sticks to Snakes         Tmut           ###.....     1%          2    None
 Call Canine Familiar     Summ           #####...     1%          3    None
 Ignite Poison            Fire/Tmut/Pois ####....     1%          3    None
 Recall                   Summ/Tloc      N/A          1%          3    None
 Spider Form              Tmut/Pois      ####......   1%          3    None
 Summon Guardian Golem    Hex/Summ       ####....     1%          3    None
 Olgreb's Toxic Radiance  Pois           #####...     1%          4    None
 Summon Ice Beast         Ice/Summ       #####...     1%          4    None
 Summon Lightning Spire   Summ/Air       #####...     1%          4    None
 Irradiate                Conj/Tmut      ######....   1%          5    ##.....
 Iron Shot                Conj/Erth      ######....   1%          6    ####...
 Freezing Cloud           Conj/Ice/Air   ######....   3%          6    ####...
 Ice Form                 Ice/Tmut       ####....     6%          4    None
 Summon Mana Viper        Hex/Summ       ####....     10%         5    ##.....
 Animate Dead             Necr           N/A          12%         4    None
 Borgnjor's Vile Clutch   Necr/Erth      ###.......   22%         5    ##.....
 Blade Hands              Tmut           ###.......   32%         5    ##.....
 Simulacrum               Ice/Necr       ####......   65%         6    ####...
 Statue Form              Tmut/Erth      ###......    73%         6    ####...
 Death Channel            Necr           ###.......   86%         6    ####...
 Hydra Form               Tmut           ###.......   86%         6    ####...
 Ring of Flames           Chrm/Fire      #####.....   89%         7    ######.
 Dragon Form              Tmut           ###.......   100%        7    ######.


Dungeon Overview and Level Annotations

Branches:
Dungeon (15/15)            Temple (0/1) D:5            Lair (6/6) D:10
  Swamp (1/4) Lair:2       Spider (0/4) Lair:2        Slime (0/5) Lair:6
    Orc (2/2) D:11            Elf (0/3) Orc:2        Vaults (0/5) D:13
 Depths (0/5) D:15        Ossuary (visited)

Altars:
Ashenzari
Cheibriados
Elyvilon
Fedhas
Gozag
Kikubaaqudgha
Makhleb
Nemelex Xobeh
Okawaru
Sif Muna
Trog
Vehumet
Beogh
Jiyva

Shops:
D:8 ?   Orc:2 [=*(

Portals:
Trove: D:15 (give 18 potions of curing)

Annotations:
Swamp:1 1 transporter, Buleb's ghost, adept GnFi


Innate Abilities, Weirdness & Mutations

You cannot wear most types of armour.
You are very stealthy in the water. (Stealth+)
You are amphibious.
You can wear up to eight rings at the same time.
You can use your tentacles to constrict eight enemies at once.
Your skin changes colour to match your surroundings (Stealth+).
Your rubbery body absorbs attacks. (AC +1, EV +1)


Message History

Casting: Searing Ray (safe; 0% risk of failure)
Confirm with . or Enter, or press ? or * to list all spells.
You don't have enough magic to cast that spell.
Okay, then.
Unknown command.
Magic courses through your body.
The spriggan rider hits the moth of wrath with a +0 spear!
The moth of wrath is killed!
Vehumet accepts your kill.
You feel your power returning. Buleb's ghost hits you!!
* * * LOW HITPOINT WARNING * * *
You feel your power leaking away.
Your spellforged servitor falters for a moment.
The crimson imp closely misses you.
Blink to where?
Press: ? - help, Dir - move target cursor
As you read the scroll of blinking, it crumbles to dust.
Your spellforged servitor hums quietly as it recharges.
The spriggan rider hits you with a +0 spear!!
You die...

♣......≈≈≈≈≈≈.≈♣..≈≈.≈≈≈..≈≈≈♣
♣....≈≈≈≈≈≈...♣♣≈...≈.≈≈≈♣.≈.♣
♣≈...≈≈≈≈≈≈.≈♣≈...♣♣♣...♣♣♣...
♣.≈≈≈≈≈≈≈..≈♣♣.≈≈.♣♣♣.≈≈...≈≈.
♣.≈≈≈≈≈....≈♣♣♣.≈≈♣♣.≈≈≈≈≈≈≈.≈
♣.≈≈≈.....≈.♣♣♣≈..♣♣.≈≈≈[≈≈≈..
♣≈≈≈≈.♣♣♣≈.......♣♣♣......≈≈≈.
♣.≈≈≈.♣♣...#####...♣♣♣♣♣≈.≈≈≈≈
♣≈≈.≈.♣..###.@.###..♣ ♣.≈≈≈≈≈
♣♣§..≈≈♣.#####.i5.##.♣♣ ♣.≈≈≈≈≈
♣.....♣..#..###5...#..♣♣♣..≈≈≈≈
♣♣.≈≈...##.##≈#..))##.♣.♣≈..≈≈≈
♣.≈.≈..#.....:$.°W8#....♣..)≈≈
♣♣..§.©#....._.#.5§#©..♣≈.....
♣.≈...#.$.#|[.≈##.#..≈.≈≈≈..♣
♣♣.♣♣.####≈#.######.♣.♣.≈≈.♣♣
♣♣♣♣..# ###..#.##..♣♣♣♣.≈♣♣


You could see a spriggan rider (berserk), an iron imp, Buleb's ghost, a crimson
imp, a white imp (wandering) and a friendly spellforged servitor.

Vanquished Creatures
  Saint Roka (Orc:2)
  Gastronok (D:9)
  The ghost of Boliniamn the Severer, a journeyman MiBe of Trog (D:14)
  The ghost of Boliniamn the Severer, a journeyman MiBe of Trog (D:14)
  A spriggan defender (Swamp:1)
  The ghost of Meonuisi the Grappler, a journeyman TrBe of Trog (Orc:1)
  The ghost of Riuhuff the Destroyer, a journeyman DgFE (D:14)
  An ogre mage (D:15)
  A yaktaur captain (D:13)
  4 hydras
  Harold (Orc:1)
  3 catoblepae (Lair:6)
  A centaur warrior (D:14)
  3 alligators (Swamp:1)
  4 two-headed ogres
  6 death yaks
  An orc high priest (Orc:2)
  A spriggan berserker (Swamp:1)
  Urug (D:13)
  A deep elf knight (D:9)
  2 swamp dragons (Swamp:1)
  A deep elf mage (D:13)
  2 orc knights (Orc:2)
  4 ugly things
  A wolf spider zombie (D:13)
  5 orc sorcerers
  An oklob plant (Lair:2)
  4 manticores
  7 black mambas
  A cyclops (D:10)
  14 elephants
  A moth of wrath (Swamp:1)
  Psyche (D:8)
  Joseph (D:8)
  2 gargoyles
  9 spiny frogs
  2 yaktaurs (D:13)
  Maggie (D:7)
  8 komodo dragons
  3 kobold demonologists (D:9)
  7 rime drakes
  A tengu conjurer (D:13)
  A queen bee (shapeshifter) (D:13)
  4 trolls
  3 meliai (D:13)
  2 tyrant leeches (Swamp:1)
  7 slime creatures
  A wind drake (shapeshifter) (D:15)
  A harpy skeleton (D:15)
  19 hippogriffs
  3 bog bodies (Swamp:1)
  13 blink frogs
  A meliai zombie (D:11)
  A hornet (Swamp:1)
  6 spriggans (Swamp:1)
  7 redbacks (D:13)
  4 wraiths
  Grum (D:9)
  A vampire (D:12)
  7 wyverns
  A steam dragon (D:12)
  62 yaks
  5 basilisks
  5 hungry ghosts
  6 vampire mosquitoes
  Menkaure (Ossuary)
  A warg (Orc:2)
  Edmund (D:4)
  2 acid dragons
  3 swamp worms (Swamp:1)
  10 water moccasins
  16 porcupines
  2 hell hounds (Lair:6)
  4 swamp drakes (Swamp:1)
  3 ice beasts
  18 orc warriors
  A black bear (D:7)
  A sky beast (D:5)
  An eye of draining (shapeshifter) (D:14)
  4 phantoms
  9 wolves
  A necrophage (D:9)
  14 ogres
  A centaur (D:13)
  13 crocodiles
  4 big kobolds
  14 bullfrogs
  A wyvern skeleton (D:8)
  7 scorpions
  18 killer bees
  7 wights
  A howler monkey (D:6)
  2 electric eels (D:12)
  5 jellies
  4 centaur zombies
  3 crimson imps
  3 bullfrog zombies
  A quasit (D:8)
  3 bullfrog skeletons
  2 hounds
  2 centaur skeletons
  29 orc priests
  34 orc wizards
  2 human zombies (Ossuary)
  An iguana (D:7)
  5 hell rats (Lair:6)
  7 worker ants
  3 ogre zombies (Ossuary)
  2 hound zombies
  6 mummies (Ossuary)
  A worker ant zombie (D:10)
  A howler monkey skeleton (D:5)
  9 adders
  5 shadow imps
  An ooze (D:1)
  2 adder skeletons
  4 adder zombies
  A worm (D:2)
  4 dart slugs
  5 leopard geckos
  76 orcs
  3 bats (D:1)
  3 giant cockroaches
  3 gnoll zombies (Ossuary)
  7 goblins
  10 hobgoblins
  5 jackals
  18 kobolds
  8 quokkas
  2 ball pythons
  4 frilled lizards
  4 goblin zombies
  5 hobgoblin zombies (Ossuary)
  5 kobold zombies (Ossuary)
  2 leopard gecko skeletons
  4 quokka zombies (Ossuary)
  11 rats
  A rat zombie (Ossuary)
  A bush (D:5)
  2 plants
753 creatures vanquished.

Vanquished Creatures (collateral kills)
  The ghost of Juesm the Lord of Darkness, a journeyman DsNe of Kikubaaqudgha (Orc:1)
  The ghost of Zaegh the Contaminator, a journeyman OpVM of Ru (D:14)
  The ghost of Hiddul the Thaumaturge, a journeyman OpFE of Sif Muna (Orc:1)
  The ghost of Zaicos the Basher, a journeyman GrFi of Uskayaw (Orc:1)
  The ghost of feamirim the Impaler, a journeyman DrFi of Okawaru (Orc:1)
  Snorg (Orc:2)
  2 hydras
  An alligator (Swamp:1)
  A death yak (Lair:6)
  2 swamp dragons (Swamp:1)
  A wizard (D:15)
  3 orc knights
  4 orc sorcerers
  A deep elf mage (D:15)
  3 cyclopes (D:15)
  A manticore (Lair:6)
  3 ugly things (D:15)
  A komodo dragon (Swamp:1)
  2 spiny frogs (Swamp:1)
  A troll (Orc:2)
  A tyrant leech (Swamp:1)
  A hornet (Swamp:1)
  2 hippogriffs (Lair:6)
  A redback (D:13)
  2 wyverns (Lair:6)
  A yak (Lair:6)
  A warg (Orc:2)
  15 orc warriors
  A swamp drake (Swamp:1)
  An ogre (D:15)
  A killer bee (D:8)
  6 wights (D:15)
  3 orc wizards (Orc:2)
  2 orc priests (Orc:2)
  A worker ant (D:10)
  An adder (D:1)
  A worm (D:2)
  5 orcs
  2 goblins
  3 jackals (D:1)
  2 frilled lizards (D:2)
  2 kobolds (D:3)
  2 rats
89 creatures vanquished.

Vanquished Creatures (others)
  An orc high priest (Orc:2)
  A killer bee (D:13)
  2 fungi (Lair:6)
  10 plants
  2 withered plants (D:14)
16 creatures vanquished.

Grand Total: 858 creatures vanquished

Notes
Turn   | Place    | Note
-------+----------+-------------------------------------------
     0 | D:1      | Conn the Octopode Wizard began the quest for the Orb.
     0 | D:1      | Reached XP level 1. HP: 11/11 MP: 4/4
   195 | D:1      | Reached XP level 2. HP: 13/17 MP: 0/6
   276 | D:1      | Learned a level 2 spell: Blink
   279 | D:1      | Learned a level 2 spell: Call Imp
   584 | D:1      | Reached XP level 3. HP: 10/21 MP: 1/8
  2061 | D:2      | Reached XP level 4. HP: 27/27 MP: 1/9
  2349 | D:2      | Reached skill level 4 in Spellcasting
  2413 | D:2      | Found an opulent altar of Gozag.
  2502 | D:2      | Reached skill level 1 in Fighting
  2560 | D:2      | Found a radiant altar of Vehumet.
  2570 | D:2      | Became a worshipper of Vehumet
  2871 | D:3      | Learned a level 3 spell: Conjure Flame
  2875 | D:3      | Learned a level 3 spell: Mephitic Cloud
  3786 | D:4      | Reached XP level 5. HP: 12/33 MP: 8/11
  3927 | D:4      | You fall into a shaft and drop 2 floors!
  3932 | D:6      | Reached skill level 1 in Short Blades
  3970 | D:6      | Noticed an ogre
  3988 | D:6      | Killed an ogre
  3990 | D:6      | Reached XP level 6. HP: 22/38 MP: 0/13
  4145 | D:5      | Entered Level 5 of the Dungeon
  4267 | D:5      | Reached skill level 5 in Spellcasting
  4385 | D:5      | Found a staircase to the Ecumenical Temple.
  4406 | D:5      | Reached * piety under Vehumet
  4406 | D:5      | Offered knowledge of Freeze by Vehumet.
  4409 | D:5      | Learned a level 1 spell: Freeze
  4520 | D:5      | Noticed a sky beast
  4546 | D:5      | Killed a sky beast
  4546 | D:5      | Reached XP level 7. HP: 8/45 MP: 0/15
  4790 | D:5      | Found a snail-covered altar of Cheibriados.
  4791 | D:5      | Found a burning altar of Makhleb.
  4820 | D:5      | Found a sand-covered staircase.
  4827 | Ossuary  | Entered an ossuary
  5138 | Ossuary  | Reached skill level 1 in Ice Magic
  5358 | Ossuary  | Reached ** piety under Vehumet
  5358 | Ossuary  | Offered knowledge of Searing Ray by Vehumet.
  5362 | Ossuary  | Learned a level 2 spell: Searing Ray
  5608 | Ossuary  | Noticed Menkaure
  5920 | Ossuary  | Killed Menkaure
  5920 | Ossuary  | Reached XP level 8. HP: 51/51 MP: 0/16
  6314 | D:5      | Found a white marble altar of Elyvilon.
  6314 | D:5      | Found an iron altar of Okawaru.
  6739 | D:4      | Reached skill level 6 in Spellcasting
  6920 | D:4      | Noticed Edmund
  6931 | D:4      | Killed Edmund
  7622 | D:6      | Offered knowledge of Static Discharge by Vehumet.
  7660 | D:6      | Learned a level 3 spell: Static Discharge
  7905 | D:6      | Found a blossoming altar of Fedhas.
  7937 | D:6      | Reached XP level 9. HP: 49/57 MP: 5/18
  8073 | D:6      | Found a shimmering blue altar of Sif Muna.
  8092 | D:6      | Found an ancient bone altar of Kikubaaqudgha.
  8092 | D:6      | Found a shattered altar of Ashenzari.
  8139 | D:6      | Reached *** piety under Vehumet
  8217 | D:6      | You fall into a shaft and drop 2 floors!
  8757 | D:7      | Reached skill level 1 in Air Magic
  8947 | D:7      | Offered knowledge of Airstrike by Vehumet.
  8950 | D:7      | Noticed Maggie
  8974 | D:7      | Killed Maggie
  8974 | D:7      | Reached skill level 7 in Spellcasting
  9522 | D:8      | Noticed Joseph
  9525 | D:8      | Killed Joseph
  9525 | D:8      | Reached skill level 5 in Conjurations
  9525 | D:8      | Reached skill level 1 in Poison Magic
  9748 | D:8      | Identified the Guide on Noxious Calling
  9757 | D:8      | Learned a level 4 spell: Airstrike
  9860 | D:8      | Reached XP level 10. HP: 64/64 MP: 8/21
 10022 | D:8      | Noticed a two-headed ogre
 10039 | D:8      | Killed a two-headed ogre
 10172 | D:8      | Noticed Psyche
 10182 | D:8      | Killed Psyche
 10182 | D:8      | Reached skill level 8 in Spellcasting
 10182 | D:8      | Reached skill level 1 in Evocations
 10310 | D:8      | Found Baofawku's Magic Scroll Shop.
 10371 | D:8      | Found a sparkling altar of Nemelex Xobeh.
 10426 | D:8      | Reached **** piety under Vehumet
 10619 | D:8      | Learned a level 5 spell: Iskenderun's Battlesphere
 11119 | D:9      | Noticed a deep elf knight
 11120 | D:9      | Noticed a kobold demonologist
 11121 | D:9      | Found a transporter.
 11122 | D:9      | Found a transporter.
 11157 | D:9      | Offered knowledge of Hailstorm by Vehumet.
 11163 | D:9      | Reached skill level 5 in Translocations
 11170 | D:9      | Reached skill level 1 in Charms
 11188 | D:9      | Noticed Grum
 11269 | D:9      | Noticed a kobold demonologist
 11275 | D:9      | Noticed a kobold demonologist
 11276 | D:9      | Noticed an orc sorcerer
 11432 | D:9      | Reached XP level 11. HP: 70/70 MP: 23/23
 11440 | D:9      | Killed Grum
 11440 | D:9      | Reached skill level 5 in Fighting
 11440 | D:9      | Reached skill level 5 in Short Blades
 11551 | D:9      | Reached skill level 1 in Throwing
 11551 | D:9      | Reached skill level 9 in Spellcasting
 11552 | D:9      | Killed an orc sorcerer
 11686 | D:9      | Killed a deep elf knight
 12129 | D:9      | Noticed Gastronok
 12145 | D:9      | Killed Gastronok
 12145 | D:9      | Reached ***** piety under Vehumet
 12355 | D:9      | Learned a level 5 spell: Bolt of Magma
 12454 | D:9      | Offered knowledge of Iskenderun's Mystic Blast by Vehumet.
 12454 | D:9      | Reached skill level 1 in Fire Magic
 12544 | D:9      | Found a blossoming altar of Fedhas.
 12630 | D:10     | Entered Level 10 of the Dungeon
 12707 | D:10     | Found a staircase to the Lair.
 12738 | D:10     | Reached XP level 12. HP: 47/78 MP: 2/25
 13172 | D:10     | Reached skill level 10 in Spellcasting
 13182 | D:10     | Reached skill level 1 in Earth Magic
 13406 | D:10     | Noticed a two-headed ogre
 13990 | D:10     | Killed a two-headed ogre
 14442 | D:11     | Offered knowledge of Fulminant Prism by Vehumet.
 14646 | D:11     | Found a staircase to the Orcish Mines.
 14669 | D:11     | Found a roughly hewn altar of Beogh.
 15999 | D:12     | Reached skill level 11 in Spellcasting
 16042 | D:12     | Identified a scroll of acquirement
 16042 | D:12     | Identified the +2 buckler of Optimism {MR+ rCorr Str+4}
                  | (You acquired it on level 12 of the Dungeon)
 16804 | D:12     | Got a crystal broad axe
 16805 | D:12     | Identified the +5 broad axe of Wyrd {flame, +Fly MP-9 Int+6
                  | SInv} (You found it on level 12 of the Dungeon)
 16888 | D:12     | Learned a level 7 spell: Orb of Destruction
 17304 | D:13     | Found a gate to the Vaults.
 17315 | D:13     | Noticed Urug
 17714 | D:13     | Reached XP level 13. HP: 85/85 MP: 17/28
 18133 | D:13     | Noticed a yaktaur captain
 18146 | D:13     | Reached skill level 10 in Conjurations
 18152 | D:13     | Killed a yaktaur captain
 19112 | D:13     | Reached skill level 12 in Spellcasting
 19931 | D:14     | Found a runed translucent gate.
 19931 | D:14     | Found a runed translucent gate.
 19933 | D:14     | Found a runed translucent gate.
 19936 | D:14     | Noticed Riuhuff's ghost (journeyman DgFE)
 19937 | D:14     | Noticed Boliniamn's ghost (journeyman MiBe)
 19938 | D:14     | Noticed Boliniamn's ghost (journeyman MiBe)
 19939 | D:14     | Noticed Zaegh's ghost (journeyman OpVM)
 20246 | D:13     | Killed Urug
 20413 | Lair:1   | Entered Level 1 of the Lair of Beasts
 20437 | Lair:1   | Reached skill level 1 in Shields
 21986 | Lair:2   | Reached skill level 5 in Dodging
 22049 | Lair:2   | Found a hole to the Spider Nest.
 22264 | Lair:2   | Offered knowledge of Ozocubu's Refrigeration by Vehumet.
 22377 | Lair:2   | Reached XP level 14. HP: 65/93 MP: 27/30
 22558 | Lair:2   | Found a staircase to the Swamp.
 22636 | Lair:2   | Reached skill level 13 in Spellcasting
 23330 | Lair:2   | Learned a level 7 spell: Spellforged Servitor
 25925 | Lair:5   | Offered knowledge of Yara's Violent Unravelling by Vehumet.
 26241 | Lair:6   | Entered Level 6 of the Lair of Beasts
 26241 | Lair:6   | Found a staircase to the Slime Pits.
 26241 | Lair:6   | Found a viscous altar of Jiyva.
 28195 | Lair:6   | Reached skill level 14 in Spellcasting
 28214 | Lair:6   | Reached XP level 15. HP: 58/100 MP: 5/33
 29370 | Lair:6   | Reached skill level 5 in Summonings
 29370 | Lair:6   | Reached XP level 16. HP: 106/106 MP: 34/34
 29865 | Orc:1    | Entered Level 1 of the Orcish Mines
 29869 | Orc:1    | Noticed Harold
 29884 | Orc:1    | Killed Harold
 29884 | Orc:1    | Reached skill level 5 in Shields
 30447 | Orc:2    | Entered Level 2 of the Orcish Mines
 30768 | Orc:2    | Offered knowledge of Conjure Ball Lightning by Vehumet.
 30792 | Orc:2    | Reached ****** piety under Vehumet
 31234 | Orc:2    | Noticed Saint Roka
 31246 | Orc:2    | Killed Saint Roka
 31259 | Orc:2    | Found a roughly hewn altar of Beogh.
 31496 | Orc:2    | Found Exouw's Antique Armour Shoppe.
 31504 | Orc:2    | Found Wiw Hamn's Jewellery Shoppe.
 31521 | Orc:2    | Noticed Snorg
 31529 | Orc:2    | Killed Snorg
 31536 | Orc:2    | Found Ucsug's Antique Weapon Shoppe.
 31651 | Orc:2    | Bought an uncursed ring of wizardry for 390 gold pieces
 31677 | Orc:2    | Found a staircase to the Elven Halls.
 31723 | Orc:2    | Found Pugisu's General Store.
 32070 | Orc:1    | Offered knowledge of Starburst by Vehumet.
 32387 | Orc:1    | Noticed Hiddul's ghost (journeyman OpFE)
 32388 | Orc:1    | Noticed Zaicos's ghost (journeyman GrFi)
 32392 | Orc:1    | Noticed Juesm's ghost (journeyman DsNe)
 32393 | Orc:1    | Found a runed translucent gate.
 32393 | Orc:1    | Found a runed translucent gate.
 32393 | Orc:1    | Found a runed translucent gate.
 32394 | Orc:1    | Noticed Meonuisi's ghost (journeyman TrBe)
 32395 | Orc:1    | Noticed feamirim's ghost (journeyman DrFi)
 32452 | Orc:1    | Killed Zaicos's ghost
 32457 | Orc:1    | Killed feamirim's ghost
 32615 | Orc:1    | Killed Meonuisi's ghost
 32619 | Orc:1    | Killed Hiddul's ghost
 32624 | Orc:1    | Killed Juesm's ghost
 32904 | D:14     | Killed Zaegh's ghost
 32933 | D:14     | Killed Boliniamn's ghost
 32941 | D:14     | Killed Boliniamn's ghost
 32944 | D:14     | Killed Riuhuff's ghost
 32944 | D:14     | Reached skill level 15 in Spellcasting
 33222 | D:15     | Entered Level 15 of the Dungeon
 33226 | D:15     | Found a white marble altar of Elyvilon.
 34174 | D:15     | Found a portal to a secret trove of treasure.
 34366 | D:15     | Offered knowledge of Ozocubu's Refrigeration by Vehumet.
 34734 | D:15     | Found a staircase to the Depths.
 35352 | Swamp:1  | Entered Level 1 of the Swamp
 36188 | Swamp:1  | Reached XP level 17. HP: 111/111 MP: 28/36
 36560 | Swamp:1  | Found a transporter.
 36564 | Swamp:1  | Identified the +1 broad axe of Qiet {antimagic, rPois rF+++
                  | Dex-2 SInv}
 36588 | Swamp:1  | Found a transporter.
 36590 | Swamp:1  | Noticed Buleb's ghost (adept GnFi)
 36593 | Swamp:1  | Identified the +6 morningstar of Buafapp {antimagic, MP+9}
 36594 | Swamp:1  | Found a bloodstained altar of Trog.
 36704 | Swamp:1  | Mangled by a spriggan rider

Levels and vault maps discovered:
D:1:      erik_arrival_cave_to_civilisation [erik_arrival_cave_to_hall],
          layout_basic, minmay_ruptured
D:2:      layout_basic, nicolae_gozag_seed_capital, vehumet_crystals
D:3:      layout_loops_ring, first_ration
D:4:      layout_loops_ring, portal_sewer_entry_e, uniq_edmund
D:5:      layout_loops_ring, gammafunk_temple_overflow_wave,
          gammafunk_temple_overflow_statue, minmay_temple_entry_slanted,
          enter_ossuary_4, lexackson_kobold_supper
D:6:      layout_cave_pods, gammafunk_temple_overflow_elements,
          lemuel_doored_altar, overflow_temple_1_default,
          small_statue_intersection
D:7:      layout_gridville, uniq_maggie
D:8:      layout_gridville, nemelex_xobeh_ov_fountains_minmay, serial_shops,
          shop, nicolae_water_bricks, grunt_pizzeria, minmay_misc_feat_rows,
          minmay_manual_moon, uniq_joseph, uniq_psyche
D:9:      gammafunk_wand_slinger, layout_basic, fedhas_altar_fruit_tree,
          uniq_grum, uniq_gastronok
D:10:     layout_basic, minmay_lair_entry_grove
D:11:     layout_cave_pods, minmay_orc_entry_temple_small
D:12:     layout_irregular_city, serial_bayou, serial_bayou_pond_c,
          serial_bayou_pond_d, serial_bayou_shore_a, serial_bayou_lagoon_a,
          portal_ice_cave_entry_pillars_2
D:13:     layout_loops_ring, david_vaults_2, gauntlet_entry_generic, drop_trap,
          uniq_urug
D:14:     layout_long_grid, dk_noncrumbling_4, gammafunk_ghost_cemetery
D:15:     grunt_enter_depths_magical_seal, layout_rooms,
          serial_co_window_serial, co_window_corner_a, co_window_paths_b,
          co_window_corner_a, co_window_paths_a, co_window_of_opportunity_a,
          co_window_of_opportunity_a, co_window_of_opportunity_a,
          co_window_paths_a, co_window_paths_a, co_window_corner_b,
          co_window_unsneaky_path_a, co_window_of_opportunity_b,
          co_window_unsneaky_path_b, glass_columns_a,
          nicolae_trove_entry_crystal, elyvilon_altar_5
Lair:1:   layout_hall_layers, grunt_megastairs_3
Lair:2:   layout_long_grid, swamp_mist, dummy_spider_entry,
          hangedman_lair_generics_rect, lemuel_fruit_tree
Lair:3:   layout_loops_ring
Lair:4:   layout_big_grid, minmay_hedge_maze, grunt_megastairs_2
Lair:5:   layout_gridlike
Lair:6:   evilmike_catoblepas_cave, layout_cave_pods, slime_altar_1,
          special_room [special_room_mythical_zoo],
          chequers_serial_rivers_small_a, st_stairs_12,
          infiniplex_staircase_pool_2
Swamp:1:  layout_basic_swamp, gammafunk_ghost_wrathful_warriors,
          evilmike_swamp_ruin_house_5
Orc:1:    layout_diamond_mine, gammafunk_ghost_cemetery, uniq_harold
Orc:2:    grunt_orc_cross, layout_caves, uniq_snorg

Skill      XL: |  1  2  3  4  5  6  7  8  9 10 11 12 13 14 15 16 |
---------------+-------------------------------------------------+-----
Spellcasting   | 4 5 6 7 8 9 11 12 14 15 | 15.7
Fighting       | 1 2 3 4 5 6 7 8 |  8.7
Short Blades   | 1 2 3 4 5 6 |  6.8
Conjurations   | 2 3 4 5 7 8 9 11 12 13 14 | 14.2
Ice Magic      | 2 3 |  3.1
Translocations | 2 3 4 5 6 |  6.2
Dodging        | 3 4 5 6 |  6.2
Air Magic      | 3 4 |  4.0
Poison Magic   | 1 2 4 |  4.3
Evocations     | 1 |  1.3
Charms         | 1 3 |  3.0
Throwing       | 1 |  1.5
Fire Magic     | 2 4 |  4.6
Earth Magic    | 2 |  2.2
Shields        | 1 3 4 6 |  6.1
Summonings     | 3 5 6 |  6.4
Staves         | |  0.7
Slings         | |  0.6
Stealth        | |  2.6

Action                   |  1- 3 |  4- 6 |  7- 9 | 10-12 | 13-15 | 16-18 || total
-------------------------+-------+-------+-------+-------+-------+-------++-------
Melee: Unarmed           |    12 |       |       |       |       |       ||    12
       Constrict         |    12 |    24 |    56 |    54 |    24 |    23 ||   193
       Tentacles         |     3 |    38 |    47 |    66 |    87 |    18 ||   259
       Dagger            |    12 |       |       |   264 |   281 |    26 ||   583
       Short sword       |    22 |   141 |   209 |     9 |       |       ||   381
       Staff             |       |       |       |       |     1 |    63 ||    64
 Fire: Hunting sling     |       |       |       |    21 |       |       ||    21
Throw: Dart              |       |     7 |       |     4 |     3 |     3 ||    17
 Cast: Magic Dart        |    61 |    35 |    60 |   123 |   226 |   139 ||   644
       Call Imp          |     8 |     7 |     5 |       |       |       ||    20
       Blink             |     2 |     1 |     7 |    15 |    25 |    29 ||    79
       Mephitic Cloud    |       |     6 |    21 |   100 |   134 |    54 ||   315
       Searing Ray       |       |       |    24 |    41 |   117 |    28 ||   210
       Conjure Flame     |       |       |     2 |     6 |     2 |       ||    10
       Static Discharge  |       |       |     1 |       |       |       ||     1
       Airstrike         |       |       |       |    22 |     6 |    29 ||    57
       Iskenderun's Batt |       |       |       |    11 |    54 |    30 ||    95
       Bolt of Magma     |       |       |       |     2 |    11 |     7 ||    20
       Orb of Destructio |       |       |       |       |     2 |    31 ||    33
       Spellforged Servi |       |       |       |       |     2 |    30 ||    32
Evoke: Wand              |       |       |     5 |    11 |     3 |     1 ||    20
  Use: Scroll            |     4 |     3 |       |    20 |     8 |     9 ||    44
       Potion            |       |       |     1 |     7 |     1 |     7 ||    16
 Stab: Sleeping          |     1 |    11 |    19 |     7 |     7 |       ||    45
       Confused          |       |     1 |     7 |    30 |    36 |     7 ||    81
       Distracted        |       |       |       |       |     1 |       ||     1
       Invisible         |       |       |       |       |       |     2 ||     2
  Eat: Chunk             |     3 |     8 |    15 |    24 |    32 |    31 ||   113
       Ration            |       |       |     1 |     2 |     4 |     4 ||    11
Armor: Skin              |     8 |     2 |     6 |    18 |    18 |    10 ||    62
Dodge: Dodged            |    36 |    37 |   145 |   224 |   243 |   106 ||   791
Block: Buckler           |       |       |       |     2 |    79 |    50 ||   131

Table legend:
 A = Non-vault XP
 B = Vault XP
 C = Vault XP percentage of total XP
 D = Non-vault monster count
 E = Vault monster count
 F = Vault count percentage of total count
                 A         B        C        D         E       F
            +---------+---------+-------+---------+---------+-------
      Total |   85144 |   59663 |  41.2 |     620 |     220 |  26.2
            +---------+---------+-------+---------+---------+-------
        D:1 |      66 |       3 |   4.3 |      34 |       2 |   5.6
        D:2 |      62 |       0 |   0.0 |      26 |       0 |   0.0
        D:3 |      16 |       0 |   0.0 |      10 |       0 |   0.0
        D:4 |     586 |     166 |  22.1 |      13 |       1 |   7.1
        D:5 |     326 |      53 |  14.0 |       9 |      10 |  52.6
        D:6 |     729 |       0 |   0.0 |      22 |       0 |   0.0
        D:7 |     598 |     365 |  37.9 |      16 |       1 |   5.9
        D:8 |    2143 |    1245 |  36.7 |      20 |       6 |  23.1
        D:9 |    3774 |    5633 |  59.9 |      44 |      16 |  26.7
       D:10 |    3871 |    1606 |  29.3 |      50 |      13 |  20.6
       D:11 |    1007 |     221 |  18.0 |      13 |       6 |  31.6
       D:12 |    6663 |       0 |   0.0 |      37 |       0 |   0.0
       D:13 |    8634 |    2492 |  22.4 |      55 |       4 |   6.8
       D:14 |    1922 |    4632 |  70.7 |       8 |       4 |  33.3
       D:15 |    6486 |    4434 |  40.6 |      39 |       9 |  18.8
     Lair:1 |    6433 |     451 |   6.6 |      28 |       2 |   6.7
     Lair:2 |    5462 |    2997 |  35.4 |      17 |       8 |  32.0
     Lair:3 |    2391 |       0 |   0.0 |       9 |       0 |   0.0
     Lair:4 |    4408 |     619 |  12.3 |      21 |       2 |   8.7
     Lair:5 |    6505 |       0 |   0.0 |      22 |       0 |   0.0
     Lair:6 |    8419 |   16367 |  66.0 |      32 |      47 |  59.5
    Swamp:1 |    9634 |    3198 |  24.9 |      30 |       9 |  23.1
      Orc:1 |    3311 |    5646 |  63.0 |      39 |       6 |  13.3
      Orc:2 |    1698 |    8994 |  84.1 |      26 |      37 |  58.7
    Ossuary |       0 |     541 | 100.0 |       0 |      37 | 100.0
            +---------+---------+-------+---------+---------+-------
